 Dungeon Crawl Stone Soup version 0.31.0-1-g2c135a0 (webtiles) character file.

Game seed: 9574294564273177579

54 Blaizen the Chiller (level 3, -5/24 HPs)
             Began as a Human Ice Elementalist on Mar 25, 2024.
             Slain by Sigmund
             ... wielding a +0 scythe
              (8 damage)
             ... on level 3 of the Dungeon.
             The game lasted 00:11:10 (2118 turns).

Blaizen the Chiller (Human Ice Elementalist)        Turns: 2118, Time: 00:11:10

Health: -5/24      AC:  8    Str:  8    XL:     3   Next: 91%
Magic:  6/6        EV: 12    Int: 17    God:
Gold:   74         SH:  0    Dex: 13    Spells: 3/7 levels left

rFire   . . .        f - +3 hand axe
rCold   . . .        (no shield)
rNeg    . . .        a - +0 robe
rPois   .            (no helmet)
rElec   .            (no cloak)
rCorr   .            (no gloves)
SInv    .            (no boots)
Will    +....        (no amulet)
Stlth   ++           c - ring of willpower
HPRegen 0.24/turn    h - ring of flight
MPRegen 0.10/turn

%: no passive effects
@: ice-armoured, about to teleport, flying
A: explore regen
a: no special abilities


You were on level 3 of the Dungeon.
You visited 1 branch of the dungeon, and saw 3 of its levels.

You collected 98 gold pieces.
You spent 24 gold pieces at shops.

Inventory:

Hand Weapons
 e - a +0 long sword
 f - a +3 hand axe (weapon)
Armour
 a - a +0 robe (worn)
Jewellery
 c - a ring of willpower (left hand)
 h - a ring of flight (right hand)
Scrolls
 d - a scroll of teleportation
 i - a scroll of silence
 k - a scroll of amnesia
 l - a scroll of immolation
 n - a scroll of enchant weapon {unknown}
Potions
 g - a potion of mutation
 j - a potion of attraction


   Skills:
 + Level 2.2 Dodging
 + Level 2.1 Stealth
 * Level 2.6 Spellcasting
 + Level 4.8 Ice Magic


You had 3 spell levels left.
You knew the following spells:

 Your Spells              Type           Power      Damage    Failure   Level
a - Freeze                Ice            72%        1d8       2%          1
b - Ozocubu's Armour      Ice            18%        N/A       8%          3

Your spell library contained the following spells:

 Spells                   Type           Power      Damage    Failure   Level
 Frozen Ramparts          Ice            36%        1d6       8%          3
 Summon Ice Beast         Ice/Summ       10%        N/A       21%         3


Dungeon Overview and Level Annotations

Branches:
Dungeon (3/15)

Altars:
Hepliaklqana
Xom

Shops:
D:3 ?

Annotations:
D:3 Sigmund


Innate Abilities, Weirdness & Mutations

You regain HP and MP as you explore.


Message History

Aim: Sigmund, wielding a +0 scythe and wearing a +0 robe (moderately wounded)
You freeze Sigmund.
Sigmund is moderately wounded.
You barely miss Sigmund.
Sigmund is moderately wounded.
Sigmund points at you and mumbles some strange words.
The puff of flame misses you. Sigmund misses you.
You barely miss Sigmund.
Sigmund is moderately wounded.
Sigmund gestures at you while chanting. The magic dart hits you!
You hit Sigmund.
Sigmund is heavily wounded.
Sigmund completely misses you.
You closely miss Sigmund.
Sigmund is heavily wounded.
Sigmund barely misses you.
You hit Sigmund.
Sigmund is severely wounded.
Casting: Freeze (safe; 2% risk of failure)
Confirm with . or Enter, or press ? or * to list all spells.
Aiming: Freeze (safe; 2% risk of failure)
Press: ? - help, Shift-Dir - straight line, f/p - Sigmund
Aim: Sigmund, wielding a +0 scythe and wearing a +0 robe (severely wounded)
You freeze Sigmund.
Sigmund is almost dead.
Sigmund casts a spell.
Sigmund flickers and vanishes!
Deactivating autopickup; reactivate with Ctrl-A.
Okay, then.
Something hits you.
A quokka comes into view.
Magic courses through your body. Something hits you.
You hear some strange, mumbled words.
A magic dart appears from out of thin air!
The magic dart hits you!
* * * LOW HITPOINT WARNING * * *
As you read the scroll of teleportation, it crumbles to dust.
You feel strangely unstable. Something hits you!
You die...

#.....###.........#
#.#...............#
..##.####.........#
..##..............#
#....####.÷.......# ######
####...#..........# #..?..#
................########.8...8.
#8.8.........#..{##....÷.......
..∩..........##.@..r...8...>...
.8.8.........##.###............
#..........>###.###....#.8...8.
##.#...#...####..###.###......#
..........##....####.###.......
.....................##..######
..........#...#.###.....##
............###.##...#.##
..........#.# #.##.###..#


You could see a quokka.

Vanquished Creatures
  3 dart slugs
  4 orcs (D:3)
  2 endoplasms
  2 giant cockroaches
  A goblin (D:1)
  4 hobgoblins
  7 quokkas
  5 ball pythons
  7 bats
  3 frilled lizards
  A kobold (D:1)
  2 rats
41 creatures vanquished.

Notes
Turn   | Place    | Note
-------+----------+-------------------------------------------
     0 | D:1      | Blaizen the Human Ice Elementalist began the quest for the
                  | Orb.
     0 | D:1      | Reached XP level 1. HP: 13/13 MP: 3/3
   154 | D:1      | You fall into a shaft and drop 1 floor!
   230 | D:1      | Reached XP level 2. HP: 16/19 MP: 3/5
   305 | D:1      | Found a faded altar of an unknown god.
   637 | D:1      | Reached XP level 3. HP: 24/24 MP: 4/6
  1434 | D:3      | Found Vergh's Magic Scroll Shoppe.
  1437 | D:3      | Noticed Sigmund
  1719 | D:3      | Bought a scroll of identify for 24 gold pieces
  1855 | D:3      | Learned a level 3 spell: Ozocubu's Armour
  1960 | D:3      | Found a hazy altar of Hepliaklqana.
  1961 | D:3      | Found a shimmering altar of Xom.
  1961 | D:3      | Noticed a Killer Klown
  1962 | D:3      | Noticed a spectral ugly thing
  1962 | D:3      | Noticed a Killer Klown
  2118 | D:3      | Slain by Sigmund

Illustrated notes

Levels and vault maps discovered:
D:1:      dpeg_arrival_rhombus, layout_basic, chequers_ecumenical_altar_simple
D:2:      layout_rooms, serial_rivers, chequers_serial_rivers_micro_b,
          chequers_serial_rivers_room_a, chequers_serial_rivers_room_b,
          chequers_serial_rivers_small_b, chequers_serial_rivers_small_3
D:3:      layout_rooms, regret_index_temple_of_mockery, serial_shops,
          nicolae_shop_tiny_statue_garden, grunt_ministairs_2,
          minmay_strange_pillars, uniq_sigmund

Action                     || total
---------------------------++-------
  Melee: Long sword        ||    30
         Unarmed           ||     1
         Hand axe          ||     5
   Cast: Freeze            ||    60
         Ozocubu's Armour  ||     2
    Use: Scroll            ||     8
         Potion            ||     3
 Armour: Robe              ||    54
  Dodge: Dodged            ||    45
